 Dungeon Crawl Stone Soup version 0.17-a0-1899-ge84b1df (webtiles) character file.

53 DecibelRebel the Changer (level 3, -4/18 HPs)
             Began as a Vine Stalker Transmuter on Sept 24, 2015.
             Slain by Grinder (8 damage)
             ... on level 4 of the Dungeon.
             The game lasted 00:07:32 (1551 turns).

DecibelRebel the Changer (Vine Stalker Transmuter)  Turns: 1551, Time: 00:07:32

Health: -4/18      AC:  2    Str: 12    XL:     3   Next: 87%
Magic:  0/7        EV: 12    Int: 13    God:
Gold:   104        SH:  0    Dex: 15    Spells: 1 memorised, 5 levels left

rFire  . . .     SeeInvis .       - Unarmed
rCold  . . .     Clarity  .     b - +0 robe
rNeg   . . .     SustAt   .     (no shield)
rPois  .         Gourm    .     (no helmet)
rElec  .         Spirit   +     (no cloak)
rCorr  .         Warding  .     (no gloves)
rMut   .         Stasis   .     (no boots)
MR     .....                    (no amulet)
Stlth  +.........               (no ring)
                                (no ring)

@: appendage, not resistant to hostile enchantments, very unstealthy
A: fangs 2, horns 2, regeneration 1, magic shield, antimagic bite, no device
heal 3, rot immunity
a: End Transformation


You were on level 4 of the Dungeon.
You were not hungry.
You had grown temporary horns.
You visited 1 branch of the dungeon, and saw 4 of its levels.

You collected 104 gold pieces.

Inventory:

Hand weapons
 e - a +1 spear of freezing
Missiles
 a - 34 arrows
Armour
 b - a +0 robe (worn)
 f - a +0 pair of gloves
Scrolls
 h - 2 scrolls of identify {unknown}
 l - 3 scrolls of blinking {unknown}
 o - 3 scrolls of remove curse {unknown}
 q - 2 scrolls of enchant weapon {unknown}
 r - a scroll of fog {unknown}
 s - a scroll of teleportation {unknown}
 u - a scroll of enchant armour {unknown}
 v - a scroll of random uselessness {unknown}
 w - a scroll of magic mapping {unknown}
Potions
 g - a potion of resistance {unknown}
 j - 2 potions of poison {unknown}
 k - a potion of cure mutation {unknown}
 m - 2 potions of mutation {unknown}
 n - 2 potions of heal wounds
 p - a potion of lignification {unknown}
 t - 2 potions of curing {unknown}
Books
 c - a book of Changes

   Spells                             Type                      Level
   a - Beastly Appendage              Transmutation                1
   b - Sticks to Snakes               Transmutation                2
   c - Spider Form                    Transmutation/Poison         3
   d - Ice Form                       Ice/Transmutation            4
   e - Blade Hands                    Transmutation                5
Comestibles
 d - 2 chunks of flesh
 i - a slice of pizza


   Skills:
 - Level 1.0 Fighting
 - Level 2.0 Dodging
 - Level 3.0 Unarmed Combat
 - Level 2.1 Spellcasting
 * Level 3.7 Transmutations


You had 5 spell levels left.
You knew the following spells:

 Your Spells              Type           Power        Failure   Level  Hunger
a - Beastly Appendage     Trmt           ##....       8%          1    ##.....


Dungeon Overview and Level Annotations

Branches:
Dungeon (4/15)
 Temple: D:4-7

Altars:
Kikubaaqudgha
Nemelex Xobeh
Qazlal

Annotations:
D:4 Grinder


Innate Abilities, Weirdness & Mutations

You have extremely sharp teeth.
Your natural rate of healing is unusually fast.
When hurt, damage is shared between your health and your magic reserves.
Your bite disrupts and absorbs the magic of your enemies.
Potions and wands cannot restore your health.
You are immune to rotting.
You have a pair of horns on your head.


Message History

Sorry, you're not good enough to have a special ability.
Sorry, you're not good enough to have a special ability.
Casting: Beastly Appendage
Confirm with . or Enter, or press ? or * to list all spells.
You grow a pair of large bovine horns.
The worker ant barely misses you. Grinder barely misses you.
The worker ant bites you but does no damage.
You hit Grinder. Your bite misses Grinder.
Grinder is lightly wounded.
Grinder gestures at you.
You suddenly lose the ability to move!
The worker ant bites you. Grinder hits you.
You writhe in agony.
The worker ant barely misses you. Grinder hits you.
You writhe in agony.
* * * LOW HITPOINT WARNING * * *
The worker ant barely misses you.
You can move again.
You hit Grinder. Your headbutt misses Grinder. Your bite misses Grinder.
Grinder is moderately wounded.
The worker ant misses you. Grinder hits you!
You die...

# ...+ #. #..#
##.#### #..# #
.....# #.†#######.
...# #..........
#.#####.###......#.#
..............####
.#####$####### #@#
#..?..a5# #######.#
#.# #.# #.# #.# ..#


You could see Grinder and a worker ant.

Vanquished Creatures
  An adder (D:2)
  An orc (D:3)
  7 bats
  2 giant cockroaches (D:1)
  6 goblins
  5 hobgoblins
  2 giant geckos
  3 giant newts
  4 jackals (D:1)
  6 kobolds
  5 rats
42 creatures vanquished.

Notes
Turn   | Place    | Note
--------------------------------------------------------------
     0 | D:1      | DecibelRebel the Vine Stalker Transmuter began the quest for the Orb.
     0 | D:1      | Reached XP level 1. HP: 9/9 MP: 4/4
     9 | D:1      | Reached skill level 1 in Fighting
   190 | D:1      | Reached XP level 2. HP: 8/14 MP: 3/6
   585 | D:1      | Reached XP level 3. HP: 12/18 MP: 5/7
   944 | D:2      | Found a stormy altar of Qazlal.
  1084 | D:2      | Found a sparkling altar of Nemelex Xobeh.
  1084 | D:2      | Found an ancient bone altar of Kikubaaqudgha.
  1534 | D:3      | You fall through a shaft!
  1542 | D:4      | Noticed Grinder
  1548 | D:4      | Paralysed by Grinder for 3 turns
  1551 | D:4      | Slain by Grinder

Vault maps used:
D:1:      saegor_arrival_simple_b, hangedman_abyss_or_decor_stabs,
          kennysheep_small_spiral
D:2:      grunt_qazlal_sundering, gammafunk_temple_overflow_elements,
          minmay_bisected
D:4:      lemuel_doored_altar, uniq_blork_the_orc, uniq_grinder, uniq_menkaure

Action                   || total
-------------------------++-------
Melee: Unarmed           ||   163
 Cast: Beastly Appendage ||     3
  Use: Potion            ||     1
 Stab: Sleeping          ||     5
  Eat: Bread ration      ||     1
